 Dungeon Crawl Stone Soup version 0.29-a0-1043-g569b05d6ff (webtiles) character file.

Game seed: 833816315907535505

319 Zeldest the Ducker (level 7, -7/60 HPs)
             Began as a Meteoran Monk on Aug 16, 2022.
             Mangled by Duvessa
             ... wielding a +0 short sword
              (9 damage)
             ... on level 4 of the Dungeon.
             The game lasted 00:09:22 (1742 turns).

Zeldest the Ducker (Meteoran Monk)                  Turns: 1742, Time: 00:09:23

Health: -7/60      AC:  9    Str: 14 (15) XL:     7   Next: 4%
Magic:  8/8        EV: 11    Int:  9 (11) God:
Gold:   182        SH:  4    Dex: 16 (17) Spells: 6/6 levels left

rFire   . . .      SeeInvis .   a - +0 falchion (elec)
rCold   . . .      Faith    .   k - +0 buckler
rNeg    . . .      Spirit   .   f - +0 scale mail
rPois   +          Reflect  .   g - +0 helmet
rElec   .          Harm     .   (no cloak)
rCorr   .          Rampage  .   (no gloves)
Will    .....                   q - +0 pair of boots
Stlth   +.........              i - amulet of magic regeneration
HPRegen 0.20/turn               j - ring of poison resistance
MPRegen 0.51/turn               (no ring)

@: hasted, glowing, very quick
A: sense surroundings 1, otherworldly, glowing, explore regen
a: no special abilities


You were on level 4 of the Dungeon.
You visited 1 branch of the dungeon, and saw 4 of its levels.

You collected 182 gold pieces.

Inventory:

Hand Weapons
 a - a +0 falchion of electrocution (weapon)
 r - a +2 dagger of flaming
Armour
 f - a +0 scale mail (worn)
 g - a +0 helmet (worn)
 k - a +0 buckler (worn)
 q - a +0 pair of boots (worn)
Jewellery
 i - an amulet of magic regeneration (around neck)
 j - a ring of poison resistance (left hand)
Wands
 c - a wand of paralysis (9)
Scrolls
 d - a scroll of teleportation {unknown}
 e - a scroll of amnesia {unknown}
 h - a scroll of poison
 m - a scroll of noise {unknown}
Potions
 o - a potion of curing {unknown}


   Skills:
 + Level 4.5 Fighting
 - Level 4.5 Short Blades
 + Level 0.0(3.0) Long Blades
 + Level 3.1 Armour
 + Level 4.9 Dodging
 - Level 1.4 Stealth
 + Level 2.2 Shields
 - Level 1.5 Translocations


You had 6 spell levels left.
You didn't know any spells.
Your spell library contained the following spells:

 Spells                   Type           Power      Damage    Failure   Level
 Gell's Gravitas          Tloc           2%         N/A       98%         3
 Dispersal                Tloc           1%         N/A       100%        6
 Malign Gateway           Summ/Tloc      0%         N/A       100%        7


Dungeon Overview and Level Annotations

Branches:
Dungeon (4/15) Zot: 700
 Temple: D:4-7

Altars:

Annotations:
D:3 3 runed translucent doors, hgbash's ghost, weakling OpCj
D:4 Dowan; Duvessa


Innate Abilities, Weirdness & Mutations

You passively map a small area around you.
You are easily found by Zot.
You glow in the dark.
You regain HP and MP as you explore.


Message History

Duvessa is heavily wounded.
Duvessa hits you with a +0 short sword. Duvessa barely misses you.
You hit Duvessa but do no damage.
Duvessa is heavily wounded.
Duvessa closely misses you. Duvessa hits you with a +0 short sword.
You hit Duvessa.
Duvessa is severely wounded.
Duvessa hits you with a +0 short sword. x2
You hit Duvessa but do no damage.
Duvessa is severely wounded.
You block Duvessa's attack.
You barely miss Duvessa.
Duvessa is severely wounded.
You block Duvessa's attack. Duvessa barely misses you.
You hit Duvessa but do no damage.
Duvessa is severely wounded.
Duvessa hits you but does no damage. x2
You hit Duvessa.
Duvessa is severely wounded.
Duvessa hits you with a +0 short sword.
Dowan gestures wildly while chanting.
Dowan blinks!
Duvessa hits you with a +0 short sword.
* * * LOW HITPOINT WARNING * * *
You hit Duvessa.
Duvessa is severely wounded.
Duvessa hits you with a +0 short sword!
* * * LOW HITPOINT WARNING * * *
You block Duvessa's attack.
You barely miss Duvessa.
Duvessa is severely wounded.
Duvessa hits you but does no damage. Duvessa hits you with a +0 short sword.
* * * LOW HITPOINT WARNING * * *
Okay, then.
Okay, then.
Okay, then.
You feel yourself speed up. Duvessa hits you with a +0 short sword.
* * * LOW HITPOINT WARNING * * *
Duvessa attacks as you move away! Duvessa hits you but does no damage.
Duvessa attacks as you move away! Duvessa hits you with a +0 short sword!
You die...

* ,, , , #.#.#
...#,
#.#.#....#
..#.#....# , ,
#........ ,
#.#.#...
#.#...#,* . *
#.#...# ,....
#@#<..#+###
*#.... ,
#e##......#
#....
,#...g.....#
#....
######....#
#.... *,
....### #....
,, * ,
......####..# ,
,
,.....g......##
, * *
,........##...#
*
........<#.#.#


You could see Duvessa (fast).

Vanquished Creatures
  Menkaure (D:3)
  An orc wizard (D:2)
  Ijyb (D:3)
  3 gnolls (D:3)
  4 adders
  A worm (D:2)
  A dart slug (D:3)
  11 orcs
  4 bats (D:1)
  3 endoplasms
  A giant cockroach (D:3)
  13 goblins
  7 hobgoblins
  3 jackals (D:3)
  3 quokkas
  5 ball pythons
  4 frilled lizards
  2 kobolds (D:2)
  5 rats
73 creatures vanquished.

Vanquished Creatures (others)
  A quokka (D:3)
1 creature vanquished.

Grand Total: 74 creatures vanquished

Notes
Turn   | Place    | Note
-------+----------+-------------------------------------------
     0 | D:1      | Zeldest the Meteoran Monk began the quest for the Orb.
     0 | D:1      | Reached XP level 1. HP: 19/19 MP: 2/2
   133 | D:1      | Reached XP level 2. HP: 20/26 MP: 3/3
   195 | D:1      | Reached skill level 1 in Armour
   209 | D:1      | Got the Spellbook of Elsewhere
   299 | D:1      | Reached XP level 3. HP: 24/31 MP: 4/4
   436 | D:2      | You fall into a shaft and drop 2 floors!
   461 | D:4      | Noticed Menkaure
   485 | D:3      | Noticed hgbash's ghost (weakling OpCj)
   538 | D:3      | Reached skill level 1 in Translocations
   538 | D:3      | Reached XP level 4. HP: 40/40 MP: 5/5
   613 | D:2      | Reached XP level 5. HP: 44/46 MP: 6/6
   879 | D:4      | Noticed Dowan
   880 | D:4      | Noticed Duvessa
   960 | D:2      | Reached skill level 1 in Shields
  1202 | D:3      | Found a runed translucent gate.
  1203 | D:3      | Found a runed translucent gate.
  1204 | D:3      | Found a runed translucent gate.
  1244 | D:3      | Reached XP level 6. HP: 36/52 MP: 7/7
  1439 | D:3      | Noticed Ijyb
  1461 | D:3      | Killed Ijyb
  1637 | D:3      | Killed Menkaure
  1638 | D:3      | Reached XP level 7. HP: 6/60 MP: 8/8
  1674 | D:3      | Identified the +0 ring mail of Hepliaklqana's Regard {rF-
                  | Str+7}
  1739 | D:4      | HP: 2/60 [Duvessa/+0 short sword (3)]
  1742 | D:4      | Mangled by Duvessa

Illustrated notes

Levels and vault maps discovered:
D:1:      dpeg_arrival_rooms_with_view, layout_rooms, hex_medium,
          minmay_misc_feat_more_columns
D:2:      layout_rooms, minmay_misc_feat_five, minmay_misc_feat_secret_circle,
          minmay_pentomino_x4
D:3:      kennysheep_goblin_castle, layout_basic, elyvilon_altar_4,
          gammafunk_ghost_icy, chequers_serial_rivers_micro_b
D:4:      layout_basic, uniq_menkaure, uniq_robin, uniq_duvessa

Skill      XL: |  1  2  3  4  5  6 |
---------------+-------------------+-----
Armour         | 1 2 3 |  3.1
Dodging        | 4 |  4.9
Translocations | 1 |  1.5
Fighting       | 4 |  4.5
Short Blades   | 4 |  4.5
Shields        | 1 2 |  2.2
Stealth        | |  1.4

Action                   |  1- 3 |  4- 6 |  7- 9 || total
-------------------------+-------+-------+-------++-------
Melee: Short sword       |   137 |   229 |       ||   366
       Punch             |     3 |       |       ||     3
       Dagger            |       |    48 |     2 ||    50
       Falchion          |       |       |    22 ||    22
Evoke: Wand              |       |     1 |       ||     1
  Use: Scroll            |     1 |       |       ||     1
       Potion            |       |     5 |     1 ||     6
Armor: Scale mail        |    73 |   125 |     7 ||   205
       Robe              |     6 |       |       ||     6
Dodge: Dodged            |    72 |   126 |     7 ||   205
Block: Buckler           |       |    53 |     5 ||    58

Table legend: (Time is in decaauts)
 A = Elapsed time spent in this place.
 B = Non-inter-level travel time spent in this place.
 C = Inter-level travel time spent in this place.
 D = Time resting spent in this place.
 E = Time spent auto-exploring this place.
 F = Levels seen in this place.
 G = Mean time per level.
                   A        B        C        D        E       F      G
               +--------+--------+--------+--------+--------+-----+--------+
         Total |   1700 |   1639 |     61 |      0 |      0 |   4 |  425.0 |
       Dungeon |   1700 |   1639 |     61 |      0 |      0 |   4 |  425.0 |
               +--------+--------+--------+--------+--------+-----+--------+

Top non-repeatable levels by time:
     D:3: 876 daAuts
     D:2: 413 daAuts
     D:1: 341 daAuts
     D:4: 68 daAuts
